 Dungeon Crawl Stone Soup version 0.20-a0-1089-g3fde505 (webtiles) character file.

184 Alarkh the Chopper (level 5, 0/61 HPs)
             Began as a Demonspawn Monk on May 2, 2017.
             Slain by an orc wizard
             ... wielding a +0 dagger
              (2 damage)
             ... on level 3 of the Dungeon.
             The game lasted 00:02:40 (2818 turns).

Alarkh the Chopper (Demonspawn Monk)                Turns: 2818, Time: 00:02:41

Health: 0/61       AC:  3    Str: 16    XL:     5   Next: 36%
Magic:  5/5        EV: 13    Int: 13    God:
Gold:   153        SH:  0    Dex: 15    Spells: 4/4 levels left

rFire    . . .     SeeInvis .   a - +0 hand axe
rCold    . . .     Gourm    .   (no shield)
rNeg     . . .     Faith    .   m - +0 leather armour (curse)
rPois    .         Spirit   .   (no helmet)
rElec    .         Reflect  .   (no cloak)
rCorr    .         Harm     .   (no gloves)
MR       .....                  (no boots)
Stlth    ..........             (no amulet)
Regen    0.2/turn               g - ring of wizardry
MPRegen  0.1/turn               (no ring)

@: berserking (expiring), lethally poisoned (0 -> -19), slowed
A: powered by death 1, sturdy frame 1
a: no special abilities


You were on level 3 of the Dungeon.
You were not hungry.

You visited 1 branch of the dungeon, and saw 3 of its levels.

You collected 153 gold pieces.

Inventory:

Hand Weapons
 a - a +0 hand axe (weapon)
Armour
 b - a +0 robe
 m - a cursed +0 leather armour (worn)
 o - a cursed -2 leather armour
Jewellery
 g - a ring of wizardry (left hand)
Scrolls
 d - 2 scrolls of fear {unknown}
 e - a scroll of identify
 i - a scroll of recharging {unknown}
 n - a scroll of teleportation {unknown}
 q - a scroll of blinking {unknown}
Potions
 j - a potion of berserk rage
 k - 3 potions of curing
Comestibles
 c - a bread ration
 h - 3 fruits
 l - a meat ration


   Skills:
 - Level 3.0 Fighting
 + Level 5.6 Axes
 - Level 2.6 Dodging
 - Level 1.7 Stealth


You had 4 spell levels left.
You didn't know any spells.

Dungeon Overview and Level Annotations

Branches:
Dungeon (3/15)

Altars:
Wu Jian


Innate Abilities, Weirdness & Mutations

You regenerate a little health from kills.
Your movements are slightly less encumbered by armour. (ER -2)


Message History

* * * LOW HITPOINT WARNING * * *
You feel sick.
The orc wizard hits you with a dagger of venom.
* * * LOW HITPOINT WARNING * * *
You are more poisoned.
You are too berserk!
You slash the orc wizard!
You kill the orc wizard!
* * * LOW HITPOINT WARNING * * *
You feel sick.
You hit the orc wizard.
The orc wizard is lightly wounded.
* * * LOW HITPOINT WARNING * * *
You feel sick. The orc wizard hits you with a dagger.
* * * LOW HITPOINT WARNING * * *
You slash the orc wizard!
The orc wizard is severely wounded.
* * * LOW HITPOINT WARNING * * *
You feel sick. The orc wizard hits you with a dagger.
You die...

..##.. .....
#+.#.# #....
##..# ... #o#
###@######
#.........#
.######.#.#####.#
................
#######.#.####..
#.#... #.#######
####### #.# #..
... #.....#
#.#####.##..#


You could see an orc wizard.

Vanquished Creatures
  2 orc wizards (D:3)
  A bullfrog skeleton (D:3)
  5 adders
  An ooze (D:1)
  2 worms (D:2)
  A dart slug (D:1)
  2 leopard geckos (D:1)
  2 orcs (D:3)
  5 giant cockroaches
  2 goblins
  8 hobgoblins
  2 kobolds
  A quokka (D:2)
  5 bats
  3 frilled lizards
  4 rats
46 creatures vanquished.

Notes
Turn   | Place    | Note
-------+----------+-------------------------------------------
     0 | D:1      | Alarkh the Demonspawn Monk began the quest for the Orb.
     0 | D:1      | Reached XP level 1. HP: 18/18 MP: 1/1
   108 | D:1      | Reached skill level 3 in Axes
   635 | D:1      | Gained mutation: Your movements are slightly less encumbered by armour. (ER -2) [demonic ancestry]
   635 | D:1      | Reached XP level 2. HP: 20/24 MP: 2/2
  1447 | D:2      | Gained mutation: You regenerate a little health from kills. [demonic ancestry]
  1447 | D:2      | Reached XP level 3. HP: 25/29 MP: 3/3
  1746 | D:2      | Paralysed by fainting for 8 turns
  1800 | D:2      | Found a faded altar of an unknown god.
  1801 | D:2      | Reached skill level 4 in Axes
  1900 | D:2      | Found an ornate altar of the Wu Jian Council.
  2307 | D:2      | Reached XP level 4. HP: 34/35 MP: 4/4
  2748 | D:3      | Reached skill level 5 in Axes
  2811 | D:3      | Reached XP level 5. HP: 26/41 MP: 5/5
  2817 | D:3      | HP: 3/61 [orc wizard/dagger (2)]
  2818 | D:3      | Slain by an orc wizard

Vault maps used:
D:1:      minmay_arrival_semitransparent, minivault_27, hex_intersection,
          kennysheep_another_room, eino_curves_02, minivault_27,
          minmay_misc_feat_tower
D:2:      lemuel_crystal_altar, chequers_ecumenical_altar_simple_redux
D:3:      nicolae_overflow_crystal_walls, first_bread, serial_glass,
          glass_columns_a, glass_columns_b

Skill      XL: |  1  2  3  4 |
---------------+-------------+-----
Axes           | 3 4 5 |  5.6
Fighting       | |  3.0
Dodging        | |  2.6
Stealth        | |  1.7

Action                   |  1- 3 |  4- 6 || total
-------------------------+-------+-------++-------
Melee: Hand axe          |   158 |    48 ||   206
  Use: Scroll            |     3 |       ||     3
       Potion            |       |     2 ||     2
 Stab: Sleeping          |     3 |       ||     3
  Eat: Chunk             |     4 |     2 ||     6
Armor: Robe              |    10 |       ||    10
       Leather armour    |    41 |     7 ||    48
Dodge: Dodged            |   126 |    40 ||   166
